Map: Galactic Process LE

Players

Kelazhur - Winner!

  • Race: Terran Terran
  • League: Master
  • Spawn Location: 7:00

Chammy (Cham)

  • Race: Zerg Zerg
  • League: Grandmaster
  • Spawn Location: 1:00

Event: Copa América 2016 Grand Finals

VOD

Have the link to the VOD?

Description

Time

  • Played on: Oct. 14, 2016, 4:21 p.m.
  • Length: 7:55

All games in this series

Show
View Real Time Build Order
Export as new Build Order

Kelazhur Terran - Winner!

Build Orders:  

Get SALT Encoding   

  12  0:00  SCV  
  13  0:12  SCV  
  14  0:17  Supply Depot  
  14  0:25  SCV  
  15  0:38  SCV  
  15  0:39  Barracks  
  16  0:45  Refinery  
  16  0:50  SCV  
  17  0:59  Barracks  
  17  1:02  SCV  
  18  1:15  SCV  
  19  1:19  Barracks  
  19  1:28  Reaper  
  19  1:30  Refinery  
  20  1:42  Orbital Command  
  20  1:46  Reaper  
  21  1:54  Supply Depot  
  21  2:00  Reaper  
  22  2:09  Reaper  
  23  2:16  SCV  
  23  2:19  Reaper  
  23  2:20  Supply Depot  
  25  2:28  SCV  
  26  2:32  Reaper  
  27  2:41  Reaper  
  28  2:44  SCV  
  28  2:49  Supply Depot  
  28  2:51  Reaper  
  30  3:00  SCV  
  30  3:04  Reaper  
  32  3:13  Reaper, SCV  
  34  3:20  Command Center  
  34  3:24  Reaper  
  35  3:37  Reaper  
  35  3:38  SCV  
  37  3:45  Reaper  
  38  3:50  Supply Depot, SCV  
  39  3:56  Reaper  
  39  4:04  SCV  
  39  4:09  Reaper  
  41  4:10  Command Center  
  38  4:30  Reaper x2  
  40  4:33  Orbital Command  
  39  4:42  Reaper  
  38  4:48  SCV  
  39  4:59  Barracks  
  39  5:00  Barracks, SCV  
  39  5:01  Factory  
  39  5:03  Barracks Tech Lab  
  41  5:20  SCV  
  40  5:22  SCV  
  40  5:25  Orbital Command  
  40  5:32  SCV  
  40  5:35  Barracks Reactor  
  41  5:36  Barracks Reactor  
  41  5:37  Stimpack  
  41  5:38  Marine, Bunker  
  41  5:40  SCV  
  42  5:45  SCV  
  42  5:48  Barracks Reactor x2  
  43  5:55  SCV  
  44  5:57  SCV x2  
  44  6:00  Marine  
  47  6:07  SCV  
  47  6:09  SCV x2  
  47  6:11  Starport  
  49  6:20  SCV  
  49  6:23  SCV  
  49  6:24  Marine x2, SCV  
  52  6:29  Marine, Factory Reactor  
  52  6:30  Marine x6  
  52  6:32  SCV  
  60  6:35  SCV  
  60  6:36  SCV  
  60  6:38  Supply Depot  
  62  6:41  Marine, Supply Depot x2  
  62  6:42  Marine  
  62  6:44  SCV  
  65  6:47  SCV  
  65  6:49  SCV  
  65  6:51  Marine x5, Marauder  
  74  6:54  Marine  
  74  6:56  SCV  
  74  6:59  Marine  
  77  7:03  SCV  
  77  7:05  Marine  
  77  7:07  Engineering Bay  
  77  7:08  Engineering Bay, Marine  
  79  7:12  Marine x4, SCV x2, Marauder  
  79  7:13  Marine  
  88  7:19  Supply Depot  
  88  7:20  Marine, Supply Depot x2  
  89  7:24  Marine  
  89  7:26  SCV x2  
  89  7:27  Supply Depot  
  91  7:36  Marine  
  93  7:37  Marine  
Show
View Real Time Build Order
Export as new Build Order

Chammy Zerg 

Build Orders: Pool First 

Get SALT Encoding   

  12  0:00  Drone  
  13  0:08  Drone  
  14  0:17  Overlord  
  14  0:35  Drone x3  
  17  0:43  Spawning Pool  
  17  0:47  Drone  
  17  1:08  Hatchery  
  16  1:11  Drone  
  16  1:14  Extractor  
  16  1:17  Drone  
  17  1:21  Drone  
  18  1:30  Zergling x2  
  19  1:32  Queen  
  21  1:40  Drone  
  22  1:50  Overlord  
  22  1:55  Roach Warren  
  21  2:03  Drone  
  22  2:13  Queen  
  24  2:18  Metabolic Boost  
  24  2:20  Drone  
  25  2:27  Drone  
  26  2:34  Drone  
  26  2:37  Overlord  
  26  2:42  Roach x2  
  30  2:48  Roach  
  31  2:51  Roach  
  33  3:04  Roach  
  35  3:11  Roach  
  37  3:15  Overlord  
  37  3:19  Roach  
  39  3:24  Zergling x8  
  39  3:36  Roach  
  39  3:37  Overlord  
  39  3:39  Roach  
  43  3:41  Zergling x2  
  43  3:44  Zergling x2  
  45  3:49  Roach  
  47  4:00  Roach  
  47  4:04  Zergling x6  
  47  4:09  Roach  
  48  4:15  Roach  
  48  4:16  Zergling x2  
  49  4:23  Zergling x4  
  46  4:25  Zergling x2  
  43  4:32  Roach  
  43  4:35  Zergling x4  
  43  4:38  Zergling x2  
  47  4:47  Roach x2  
  47  4:52  Zergling x2  
  51  4:58  Drone x2  
  52  5:00  Drone  
  48  5:15  Drone x3  
  40  5:21  Roach x2  
  40  5:22  Roach  
  46  5:28  Roach  
  46  5:29  Roach  
  46  5:32  Drone  
  46  5:33  Drone  
  50  5:37  Roach  
  52  5:45  Zergling x6  
  55  5:53  Roach  
  56  5:59  Zergling x4, Roach  
  56  6:01  Overlord  
  60  6:04  Overlord  
  59  6:18  Roach  
  59  6:24  Roach  
  59  6:25  Zergling x4, Roach  
  64  6:28  Zergling x10  
  64  6:29  Zergling x2  
  70  6:38  Zergling x2  
  69  6:48  Zergling x4  
  69  6:49  Zergling x2  
  69  6:51  Ravager  
  73  6:58  Zergling x4  
  73  6:59  Overlord x2  
  75  7:04  Overlord  
  74  7:14  Zergling x4  
  76  7:16  Overlord  
  76  7:20  Ravager  
  76  7:21  Zergling x4  
  79  7:24  Zergling x2  
  79  7:26  Zergling x2  
  79  7:28  Hatchery  
  78  7:37  Zergling x2  
Tags
 
Add a new tag
Caveats
  • Supply blocks, unpowered buildings, or Contaminate may cause inaccurate times.
  • Supply counts are checked every 10 seconds.